AoeStats
← Gori11a

Black Forest

510711598Analyzed
4v4 RM · 1d ago on Oct 2, 2026· 57m 9s· 8 players
Game mode
Random Map
Map size
Large (8 player)
Population
200
Speed
Normal
Resources
Standard
Victory
Conquest
Starting age
Dark Age
Ending age
Imperial Age
RankedLock teamsTeams togetherTeam positionsShared explorationLock speedFull tech treeHidden civsTurbo modeCheats
Victory
Defeat
🇮🇳 Lithuanians · India
863
+11
🇹🇼 Byzantines · Taiwan
795
+13
🇮🇳 Bohemians · India
764
+14
🇭🇰 Poles · Hong Kong SAR China
644
+19
🇴🇲 Saracens · Oman
800
-17
🇸🇪 Japanese · Sweden
719
-14
🇹🇷 Ethiopians · Türkiye
707
-13
🇨🇳 Spanish · China
690
-13
噢啦哦了丶
8:39 Loom
10:42 Feudal Age
11:21 Double-Bit Axe
13:56 Horse Collar
22:34 Castle Age
22:25 Scale Barding Armor
23:31 Scale Mail Armor
23:48 Bow Saw
24:50 Heavy Plow
24:54 Gold Mining
27:31 Wheelbarrow
27:37 Forging
27:57 Caravan
29:15 Hand Cart
29:05 Stone Mining
31:39 Stone Shaft Mining
34:44 Imperial Age
36:36 Iron Casting
36:22 Chain Barding Armor
35:28 Cavalier
36:20 Bloodlines
36:11 Husbandry
37:33 Capped Ram
39:16 Thumb Ring
38:49 Pikeman
39:46 Halberdier
40:13 Gambesons
40:28 Squires
40:14 Arson
42:08 Chemistry
40:38 Paladin
43:22 Blast Furnace
42:58 Plate Barding Armor
42:39 Chain Mail Armor
48:11 Plate Mail Armor
Naruto
1:16 Loom
13:31 Feudal Age
14:44 Double-Bit Axe
14:43 Horse Collar
17:16 Castle Age
17:24 Wheelbarrow
18:33 Bow Saw
18:46 Heavy Plow
25:54 Gold Mining
26:05 Stone Mining
30:20 Imperial Age
28:29 Hand Cart
28:28 Scale Barding Armor
28:33 Forging
28:23 Fletching
29:17 Gold Shaft Mining
30:02 Chain Barding Armor
30:04 Ballistics
30:24 Caravan
31:22 Iron Casting
32:37 Conscription
32:31 Counterweights
31:42 Elite Mameluke
31:59 Capped Ram
32:51 Siege Ram
36:03 Blast Furnace
35:39 Plate Barding Armor
38:30 Bodkin Arrow
38:56 Masonry
39:03 Siege Engineers
38:30 Siege Ram
39:04 Onager
41:17 Hoardings
41:42 Light Cavalry
42:33 Bloodlines
Gori11a
12:08 Feudal Age
13:13 Double-Bit Axe
16:03 Wheelbarrow
15:42 Horse Collar
18:08 Forging
20:59 Castle Age
19:36 Scale Mail Armor
20:45 Gold Mining
21:48 Pikeman
22:16 Gambesons
22:47 Man-at-Arms
23:46 Loom
24:17 Arson
24:35 Squires
28:20 Long Swordsman
29:18 Caravan
31:46 Gold Shaft Mining
31:52 Bow Saw
36:27 Imperial Age
36:28 Iron Casting
36:09 Chain Mail Armor
36:35 Halberdier
38:36 Blast Furnace
42:31 Plate Mail Armor
Mirliva1881
0:31 Loom
5:18 Loom
13:50 Feudal Age
15:35 Wheelbarrow
14:45 Town Watch
22:07 Castle Age
20:40 Double-Bit Axe
20:42 Horse Collar
22:07 Gold Mining
22:11 Stone Mining
23:11 Bow Saw
24:58 Hand Cart
28:34 Gold Shaft Mining
28:38 Stone Shaft Mining
34:44 Imperial Age
32:48 Crossbowman
34:42 Ballistics
36:19 Thumb Ring
35:35 Arbalester
36:09 Heavy Camel Rider
36:53 Husbandry
37:33 Masonry
37:40 Royal Heirs
37:52 Scale Barding Armor
37:58 Forging
39:40 Chain Barding Armor
40:04 Iron Casting
41:49 Chemistry
43:00 Blast Furnace
41:52 Fletching
42:04 Padded Archer Armor
41:37 Elite Skirmisher
43:07 Bodkin Arrow
43:32 Leather Archer Armor
44:00 Caravan
44:31 Coinage
44:12 Guilds
45:55 Ring Archer Armor
45:26 Bracer
King Feet
0:32 Loom
11:14 Feudal Age
16:20 Castle Age
14:40 Horse Collar
14:48 Double-Bit Axe
16:37 Wheelbarrow
17:37 Heavy Plow
25:29 Hand Cart
27:47 Town Watch
31:40 Imperial Age
30:40 Wagenburg Tactics
32:33 Chemistry
31:54 Ballistics
31:35 Fletching
31:45 Padded Archer Armor
31:29 Crossbowman
32:25 Arbalester
32:38 Houfnice
34:40 Caravan
34:51 Guilds
34:35 Elite Skirmisher
37:00 Siege Engineers
53:17 Fortified Wall
55:51 Bodkin Arrow
songshu512
14:20 Feudal Age
17:37 Horse Collar
17:47 Double-Bit Axe
23:33 Castle Age
23:04 Stone Mining
23:05 Gold Mining
26:31 Wheelbarrow
26:25 Bow Saw
26:52 Heavy Plow
29:14 Hand Cart
34:49 Imperial Age
33:11 Scale Barding Armor
33:17 Forging
34:28 Stone Shaft Mining
34:44 Szlachta Privileges
35:05 Bloodlines
35:02 Husbandry
34:24 Light Cavalry
37:06 Caravan
39:07 Crop Rotation
39:17 Iron Casting
38:42 Scale Mail Armor
39:06 Chain Barding Armor
38:26 Cavalier
43:57 Conscription
44:00 Lechitic Legacy
57:04 Winged Hussar
ExxTACSY
0:39 Loom
12:09 Feudal Age
16:29 Castle Age
14:58 Double-Bit Axe
15:19 Horse Collar
15:45 Stone Mining
17:41 Wheelbarrow
23:56 Bow Saw
27:04 Gold Mining
31:04 Imperial Age
28:49 Scale Barding Armor
28:55 Forging
30:19 Chain Barding Armor
30:06 Caravan
32:11 Iron Casting
32:46 Plate Barding Armor
33:28 Stone Shaft Mining
34:14 Two-Man Saw
35:03 Elite Leitis
38:37 Husbandry
42:19 Fletching
44:27 Bloodlines
Willy
12:55 Feudal Age
13:36 Double-Bit Axe
15:50 Horse Collar
20:22 Castle Age
21:38 Bow Saw
21:35 Heavy Plow
21:52 Forging
21:42 Scale Mail Armor
22:33 Stone Mining
24:50 Wheelbarrow
24:01 Loom
25:42 Stone Shaft Mining
24:57 Gold Mining
26:01 Pikeman
28:06 Hand Cart
28:33 Squires
28:18 Arson
29:47 Treadmill Crane
30:28 Ballistics
33:29 Imperial Age
32:28 Iron Casting
31:44 Fletching
32:10 Chain Mail Armor
31:55 Padded Archer Armor
32:01 Scale Barding Armor
32:41 Gold Shaft Mining
32:11 Elite Skirmisher
33:32 Halberdier
34:12 Bodkin Arrow
34:51 Conscription
36:12 Logistica
36:38 Hoardings
37:18 Chemistry
40:23 Elite Cataphract
46:02 Bracer
46:33 Plate Mail Armor
46:18 Leather Archer Armor
46:24 Chain Barding Armor
49:22 Two-Man Saw
49:42 Ring Archer Armor
49:28 Fortified Wall
55:28 Plate Barding Armor
54:17 Elite Varangian Guard
54:46 Gambesons
54:21 Man-at-Arms
Connection lost

Rejoining the realm…

Still unreachable

The connection could not be restored.

Session expired

The server has moved on; the page needs a fresh start.